 Dungeon Crawl Stone Soup version 0.26-a0-1035-g76280ab330 (webtiles) character file.

Game seed: 7225923235588385860

2435 Dracia the Spear-Bearer (level 9, -3/64 HPs)
             Began as a Merfolk Monk on Dec 10, 2020.
             Was a Believer of Okawaru.
             Slain by a yak (10 damage)
             ... on level 7 of the Dungeon.
             The game lasted 00:16:42 (8977 turns).

Dracia the Spear-Bearer (Merfolk Monk)              Turns: 8977, Time: 00:16:42

Health: -3/64      AC:  4    Str: 13    XL:     9   Next: 49%
Magic:  14/15      EV: 14    Int: 10    God:    Okawaru [**....]
Gold:   443        SH:  0    Dex: 17    Spells: 8/8 levels left

rFire    . . .     SeeInvis .   i - +0 trident
rCold    . . .     Faith    .   (no shield)
rNeg     + . .     Spirit   .   f - +1 leather armour
rPois    +         Reflect  .   (no helmet)
rElec    .         Harm     .   c - scarf {repulsion}
rCorr    .         Rampage  .   (no gloves)
Will     .....                  (no boots)
Stlth    ++........             (no amulet)
HPRegen  0.20/turn              P - ring of poison resistance
MPRegen  0.14/turn              N - ring of positive energy

@: repel missiles
A: change form in water, swift swim, stealthy swim
a: Heroism, Renounce Religion


You were on level 7 of the Dungeon.
You worshipped Okawaru.
Okawaru was pleased with you.
You visited 2 branches of the dungeon, and saw 8 of its levels.

You collected 443 gold pieces.


   Skills:
 - Level 3.2 Fighting
 - Level 14.0 Polearms
 - Level 4.0 Dodging
 - Level 2.1 Stealth
 + Level 8.3 Invocations


You had 8 spell levels left.
You didn't know any spells.
Your spell library was empty.

Inventory:

Hand Weapons
 a - a +1 spear
 i - a +0 trident (weapon)
Missiles
 d - 32 poisoned darts (quivered)
 k - 5 throwing nets {=f=f}
Armour
 b - a +0 robe
 c - a scarf of repulsion (worn)
 f - a +1 leather armour (worn)
Magical Staves
 o - an uncursed staff of death {!a!a, unknown}
Jewellery
 v - a cursed -4 ring of intelligence {unknown}
 C - an uncursed ring of ice
 N - a ring of positive energy (right hand)
 P - a ring of poison resistance (left hand)
 R - an uncursed ring of resist corrosion
Wands
 p - a wand of random effects (15)
 s - a wand of paralysis (8)
Scrolls
 e - 6 scrolls of identify {@r1@r1}
 g - a scroll of teleportation {@r4@r4}
 h - a scroll of enchant weapon
 l - 2 scrolls of remove curse {unknown}
 m - a scroll of enchant armour
 n - a scroll of amnesia
 r - 2 scrolls of fog {unknown}
 w - a scroll of immolation {unknown}
Potions
 j - a potion of attraction
 q - 2 potions of might
 t - a potion of brilliance
 u - 2 potions of curing {@q1@q1}
 x - a potion of magic {unknown}

Dungeon Overview and Level Annotations

Branches:
Dungeon (7/15)             Temple (1/1) D:5

Altars:
Fedhas
Gozag
Makhleb
Okawaru
Vehumet
Zin
The Shining One

Annotations:
D:6 Sigmund

.. ### #.##.# .. .#
##.###.##.# ##. ...
.###...##.##.# .. ..#
###.##.....#.##.# .##..#.
....#........##.####.#.....
##.###.....#.....#.........
##.####...#..#.....#.......
.#.##........#.†##.......#
....#.##.....#..@Y.##......
..........#######.....#....
....#.###....#.....#### ...
###.#........#..##... #
...#####..(#.. #..... #...#
.#... ####### #...# ##(#
#...# #. #.. #


You could see a yak.


Message History

Your Invocations skill increases to level 8!
You hit the yak.
The yak is lightly wounded.
The yak gores you.
* * * LOW HITPOINT WARNING * * *
You puncture the yak!
The yak is moderately wounded.
You hit the yak.
The yak is heavily wounded.
The yak gores you.
* * * LOW HITPOINT WARNING * * *
You hit the yak. You punch the yak.
The yak is severely wounded.
The yak closely misses you.
You closely miss the yak.
The yak is severely wounded.
You hit the yak but do no damage.
The yak is severely wounded.
The yak gores you!
* * * LOW HITPOINT WARNING * * *
Unknown command.
You hit the yak.
The yak is severely wounded.
You puncture the yak!
The yak is almost dead.
You feel like a meek peon again. The yak gores you!
* * * LOW HITPOINT WARNING * * *
You feel better. The yak gores you!
You die...

Skill      XL: |  1  2  3  4  5  6  7  8  9 |
---------------+----------------------------+-----
Polearms       | 5 6 7 8 9 10 13 14 | 14.0
Invocations    | 6 8 |  8.3
Fighting       | |  3.2
Dodging        | |  4.0
Stealth        | |  2.1

Action                   |  1- 3 |  4- 6 |  7- 9 || total
-------------------------+-------+-------+-------++-------
Melee: Spear             |   179 |   334 |       ||   513
       Trident           |       |     5 |   393 ||   398
       Punch             |       |       |     3 ||     3
Invok: Heroism           |       |       |     4 ||     4
  Use: Potion            |     3 |     4 |     5 ||    12
       Scroll            |       |     6 |       ||     6
 Stab: Sleeping          |     6 |     7 |     3 ||    16
Armor: Leather armour    |    16 |    38 |    30 ||    84
       Robe              |     4 |       |       ||     4
       Skin              |       |       |     5 ||     5
Dodge: Dodged            |    87 |   157 |   127 ||   371
       Repelled          |     1 |     5 |       ||     6

Levels and vault maps discovered:
D:1:      sevenhm_arrival_forest_fort_small_5, layout_loops_ring
D:2:      layout_basic
D:3:      layout_loops_corners, chequers_ecumenical_altar_simple_redux,
          uniq_ijyb
D:4:      layout_basic, minmay_box_of_dots
D:5:      layout_loops_cross, minmay_temple_entry_nine_rooms, uniq_eustachio
D:6:      layout_basic, uniq_pikel, uniq_sigmund
D:7:      layout_loops_cross, hangedman_decor_points, grunt_potential,
          uniq_harold
Temple:   minmay_crystal_snake_temple

Notes
Turn   | Place    | Note
-------+----------+-------------------------------------------
     0 | D:1      | Dracia the Merfolk Monk began the quest for the Orb.
     0 | D:1      | Reached XP level 1. HP: 18/18 MP: 1/1
   150 | D:1      | Reached skill level 5 in Polearms
   219 | D:1      | Reached XP level 2. HP: 22/24 MP: 2/2
   804 | D:2      | Reached skill level 6 in Polearms
   804 | D:2      | Reached XP level 3. HP: 25/29 MP: 3/3
  1324 | D:2      | Reached skill level 7 in Polearms
  1324 | D:2      | Reached XP level 4. HP: 11/35 MP: 4/4
  2724 | D:3      | Noticed Ijyb
  2739 | D:3      | Reached skill level 8 in Polearms
  2773 | D:3      | Killed Ijyb
  2774 | D:3      | Reached XP level 5. HP: 33/41 MP: 5/5
  2848 | D:3      | Found a faded altar of an unknown god.
  3773 | D:4      | Reached skill level 9 in Polearms
  4018 | D:4      | Reached XP level 6. HP: 28/47 MP: 6/6
  4244 | D:5      | Entered Level 5 of the Dungeon
  4337 | D:5      | Reached skill level 10 in Polearms
  4670 | D:4      | Reached XP level 7. HP: 37/52 MP: 7/7
  4690 | D:4      | Reached skill level 11 in Polearms
  5113 | D:4      | Reached skill level 12 in Polearms
  5769 | D:5      | HP: 2/52 [something (5)]
  5771 | D:5      | Reached skill level 13 in Polearms
  5771 | D:5      | Reached XP level 8. HP: 3/58 MP: 8/8
  6082 | D:5      | Found a staircase to the Ecumenical Temple.
  6097 | D:5      | Noticed Eustachio
  6132 | D:5      | Killed Eustachio
  6142 | Temple   | Entered the Ecumenical Temple
  6229 | Temple   | Became a worshipper of Warmaster Okawaru
  6229 | Temple   | Reached * piety under Okawaru
  6229 | Temple   | Reached ** piety under Okawaru
  6386 | D:5      | Reached skill level 1 in Invocations
  7314 | D:6      | Noticed Sigmund
  7366 | D:6      | Reached skill level 2 in Invocations
  7707 | D:6      | Reached skill level 14 in Polearms
  7707 | D:6      | Reached skill level 3 in Invocations
  7897 | D:6      | Noticed Pikel
  8029 | D:5      | Killed Pikel
  8030 | D:5      | Reached skill level 6 in Invocations
  8030 | D:5      | Reached XP level 9. HP: 16/64 MP: 9/13
  8880 | D:7      | Reached skill level 7 in Invocations
  8969 | D:7      | Reached skill level 8 in Invocations
  8976 | D:7      | HP: 2/64 [yak (7)]
  8977 | D:7      | Slain by a yak

Vanquished Creatures
  Pikel (D:5)
  Eustachio (D:5)
  3 yaks (D:7)
  A sky beast (D:5)
  A phantom (D:4)
  2 ogres (D:6)
  A lemure (D:5)
  A gnoll sergeant (D:7)
  4 scorpions
  2 howler monkeys
  A centaur zombie (D:6)
  A centaur skeleton (D:4)
  A bullfrog skeleton (D:4)
  3 jellies
  2 hounds
  A gnoll shaman (D:4)
  Ijyb (D:3)
  4 orc wizards
  2 worker ants (D:4)
  A hound zombie (D:5)
  A worker ant zombie (D:5)
  7 gnolls
  2 howler monkey skeletons
  9 adders
  A shadow imp (D:6)
  A white imp (D:5)
  An ooze (D:5)
  2 worms (D:2)
  A dart slug (D:3)
  5 leopard geckos
  14 orcs
  2 ball pythons
  8 bats
  8 giant cockroaches
  5 goblins
  8 hobgoblins
  9 jackals
  2 quokkas
  3 frilled lizards
  A jackal skeleton (D:7)
  11 kobolds
  6 rats
141 creatures vanquished.

Table legend: (Time is in decaauts)
 A = Elapsed time spent in this place.
 B = Non-inter-level travel time spent in this place.
 C = Inter-level travel time spent in this place.
 D = Time resting spent in this place.
 E = Time spent auto-exploring this place.
 F = Levels seen in this place.
 G = Mean time per level.
                   A        B        C        D        E       F      G
               +--------+--------+--------+--------+--------+-----+--------+
         Total |   8670 |   8471 |    199 |   2572 |   4674 |   8 | 1083.8 |
       Dungeon |   8565 |   8401 |    164 |   2572 |   4608 |   7 | 1223.6 |
        Temple |    104 |     69 |     35 |      0 |     66 |   1 |  104.0 |
               +--------+--------+--------+--------+--------+-----+--------+

Top non-repeatable levels by time:
     D:5: 1793 daAuts
     D:4: 1760 daAuts
     D:2: 1546 daAuts
     D:3: 1363 daAuts
     D:6: 1067 daAuts
     D:1: 743 daAuts
     D:7: 290 daAuts
  Temple: 104 daAuts

Table legend:
 A = Non-vault XP
 B = Vault XP
 C = Vault XP percentage of total XP
 D = Non-vault monster count
 E = Vault monster count
 F = Vault count percentage of total count
                 A         B        C        D         E       F
            +---------+---------+-------+---------+---------+-------
      Total |    2627 |     852 |  24.5 |     136 |       4 |   2.9
            +---------+---------+-------+---------+---------+-------
        D:1 |      31 |       0 |   0.0 |      18 |       0 |   0.0
        D:2 |     117 |       0 |   0.0 |      28 |       0 |   0.0
        D:3 |      61 |      36 |  37.1 |      24 |       1 |   4.0
        D:4 |     696 |       3 |   0.4 |      24 |       1 |   4.0
        D:5 |     486 |     813 |  62.6 |      18 |       2 |  10.0
        D:6 |     413 |       0 |   0.0 |      14 |       0 |   0.0
        D:7 |     823 |       0 |   0.0 |      10 |       0 |   0.0
            +---------+---------+-------+---------+---------+-------
